 Dungeon Crawl Stone Soup version 0.28-a0-1404-g4df0f3684d (webtiles) character file.

Game seed: 286279876490679429

53191 fragbeetle the Basher (level 14, -2/134 (140) HPs)
             Began as a Troll Berserker on Jan 5, 2022.
             Was a High Priest of Trog.
             Slain by an orc warlord (37 damage)
             ... on level 1 of the Orcish Mines.
             The game lasted 01:06:43 (15906 turns).

fragbeetle the Basher (Troll Berserker)            Turns: 15906, Time: 01:06:44

HP:   -2/134 (140)  AC: 15    Str: 28    XL:     14   Next: 30%
MP:   13/13         EV: 16    Int:  5    God:    Trog [*****.]
Gold: 886           SH:  0    Dex: 11    Spells: 13/13 levels left

rFire   . . .      SeeInvis .   u - +3 morningstar (spect)
rCold   . . .      Faith    .   (no shield)
rNeg    . . .      Spirit   .   J - +4 troll leather armour {Snorg}
rPois   +          Reflect  .   C - +2 hat
rElec   .          Harm     .   d - +2 cloak {Will+}
rCorr   .          Rampage  .   (gloves unavailable)
Will    ++++.                   (boots unavailable)
Stlth   +.........              (no amulet)
HPRegen 2.92/turn               V - +4 ring of evasion
MPRegen 0.13/turn               K - ring of poison resistance

@: strong-willed, regenerating, hasted, lightly drained, very quick
A: large, unfitting armour, claws 3, regeneration 1, shaggy fur 1, tough skin 1
a: Renounce Religion, Berserk, Trog's Hand, Brothers in Arms


You were on level 1 of the Orcish Mines.
You worshipped Trog.
Trog was extremely pleased with you.
You visited 3 branches of the dungeon, and saw 19 of its levels.

You collected 2470 gold pieces.
You spent 1584 gold pieces at shops.

Inventory:

Hand Weapons
 c - a +4 giant club of flaming
 u - a +3 spectral morningstar (weapon)
 P - the +9 hand axe of Trauma {vamp, rPois}
   (You found it on level 2 of the Lair of Beasts)

   It occasionally heals its wielder for a portion of the damage dealt when it
   wounds a living foe.
   rPois:     It protects you from poison.
Missiles
 F - 66 poisoned darts
 H - 5 boomerangs (quivered)
 I - 4 large rocks
 O - 5 curare-tipped darts
 W - 2 silver javelins
 X - 6 datura-tipped darts
Armour
 d - a +2 cloak of willpower (worn)
 C - a +2 hat (worn)
 J - a +4 troll leather armour (worn) {Snorg}
 M - the +1 robe of Woocla {rPois rF+ rN+ Str+3}
   (You found it on level 2 of the Lair of Beasts)

   Str:       It affects your strength (+3).
   rF:        It protects you from fire.
   rPois:     It protects you from poison.
   rN:        It protects you from negative energy.
Jewellery
 j - a ring of flight
 K - a ring of poison resistance (right claw)
 U - a ring of protection from cold
 V - a +4 ring of evasion (left claw)
Wands
 a - a wand of paralysis (10)
 b - a wand of acid (2)
 m - a wand of polymorph (11)
 A - a wand of mindburst (10)
 E - a wand of flame (7)
 R - a wand of charming (4)
Scrolls
 e - 2 scrolls of identify
 f - 7 scrolls of teleportation
 h - a scroll of silence {unknown}
 i - 2 scrolls of summoning
 s - 2 scrolls of fear {unknown}
 t - a scroll of holy word {unknown}
 w - 2 scrolls of blinking {unknown}
 B - 2 scrolls of immolation {unknown}
 D - 2 scrolls of amnesia {unknown}
 N - a scroll of fog {unknown}
 S - a scroll of torment {unknown}
Potions
 g - 3 potions of lignification
 l - 4 potions of curing
 o - 2 potions of attraction {unknown}
 r - a potion of haste
 v - a potion of degeneration {unknown}
 x - 3 potions of heal wounds {unknown}
 z - 3 potions of invisibility
 G - 3 potions of cancellation
 Q - a potion of resistance
 Y - a potion of brilliance {unknown}
Miscellaneous
 Z - a phantom mirror


   Skills:
 + Level 9.4 Fighting
 - Level 4.1(8.9) Axes
 * Level 13.2(13.5) Maces & Flails
 + Level 9.7 Throwing
 + Level 9.4 Dodging
 + Level 7.6 Evocations


You had 13 spell levels left.
You didn't know any spells.
Your spell library was empty.

Dungeon Overview and Level Annotations

Branches:
Dungeon (11/15)            Temple (0/1) D:4            Lair (6/6) D:8
 Shoals (0/4) Lair:2       Spider (0/4) Lair:4        Slime (0/5) Lair:5
    Orc (2/2) D:11
    Elf: Orc:2

Altars:
Ashenzari
Cheibriados
Dithmenos
Elyvilon
Gozag
Kikubaaqudgha
Makhleb
Okawaru
Ru
Uskayaw
Zin
Jiyva

Shops:
D:9 ?   Orc:2 (:

Annotations:
Lair:2 3 runed translucent doors, exclusion: oklob plant, Reubyar's ghost, journeyman MiBe
Lair:5 1 runed translucent door


Innate Abilities, Weirdness & Mutations

You are too large for most types of armour.
You have claws for hands.
Your natural rate of healing is unusually fast.
You are covered in fur. (AC +1)
You have tough skin. (AC +1)


Message History

There is a stone staircase leading down, spattered with blood here.
You start resting.
HP restored.
You climb downwards.
An orc warrior comes into view. It is wielding a +0 mace.
The orc warlord hits you with a +0 vorpal great sword!!
The orc warlord roars a battlecry!
The orcs go into a battle-frenzy!
The orc warrior moves out of view.
An orc knight comes into view. It is wielding a +0 great sword.
There is a stone staircase leading up, spattered with blood here.
The orc knight shouts!
The orc sorcerer wildly gestures.
The orc sorcerer glows brightly for a moment.
The orc knight roars a battlecry!
The orc warlord goes into a battle-frenzy!
You climb upwards.
There is a stone staircase leading down, spattered with blood here.
Things that are here:
a +0 dagger; an orc skeleton You don't know any spells.
Your deep troll goes berserk!
The orc warlord hits you with a +0 vorpal great sword!!
Your deep troll bites the orc warlord!
Your deep troll claws the orc warlord but does no damage. x2
Aiming: Paralyse
Press: ? - help, Shift-Dir - straight line, f - orc warlord
Aim: an orc warlord, wielding a +0 vorpal great sword and wearing a +2 plate armour of poison resistance (lightly wounded, strong, ally target, chance to affect: 32%)
Okay, then.
Your skin crawls.
You feel strong-willed.
The orc warlord hits you with a +0 vorpal great sword!!!
* * * LOW HITPOINT WARNING * * *
x2 Your deep troll bites the orc warlord!!
Your deep troll claws the orc warlord.
Your deep troll barely misses the orc warlord.
You feel yourself speed up.
Your deep troll completely misses the orc warlord.
Your deep troll claws the orc warlord!!
Your deep troll claws the orc warlord!
The orc warlord hits you with a +0 vorpal great sword!!!
You die...

##.## ##...# ######...##
#####..##...#.##
##..............#
#.......##.....###
##.......###...#.##
#####.)[)......#......#
##.#...[>To@..........##
#......[[).............##
##.........#............#
##........##<[....#.##.##
###......#.##........#####
##.......######.####.##
#.........# ##.#....#
##..##...## #......##
###....## ##.#.#..##


You could see an orc warlord (strong, ally target) and a friendly deep troll
(summoned, berserk).

Vanquished Creatures
  Rupert (Lair:3)
  Snorg (D:10)
  5 hydras
  A boulder beetle (D:11)
  A death knight (D:11)
  3 death yaks (Lair:6)
  Erica (Lair:2)
  A catoblepas (Lair:6)
  2 orc high priests
  Sonja (Lair:4)
  An orb spider (Lair:4)
  2 lindwurms (Lair:5)
  2 orc knights
  2 manticores (Lair:6)
  2 elephants (Lair:6)
  7 black mambas
  Maggie (D:9)
  17 cane toads
  A torpor snail (Lair:3)
  12 komodo dragons
  2 rime drakes
  A polar bear (Lair:6)
  6 trolls
  21 blink frogs
  21 dream sheep
  A shadow (D:9)
  4 wyverns
  45 yaks
  A vampire (D:11)
  2 basilisks
  A steam dragon (Lair:4)
  5 wargs
  24 water moccasins
  An acid dragon (D:11)
  2 black bears
  10 orc warriors
  An ice beast (D:6)
  4 necrophages (D:9)
  4 ogres
  6 wolves
  12 centaurs
  A phantom (D:7)
  3 kobold brigands
  11 bullfrogs
  A gnoll sergeant (D:10)
  3 scorpions
  A wyvern skeleton (D:7)
  A water moccasin zombie (D:5)
  8 wights (D:9)
  A killer bee (D:7)
  3 howler monkeys
  3 electric eels (Lair:1)
  2 bullfrog zombies (D:6)
  8 centaur zombies
  A bullfrog skeleton (D:5)
  10 orc priests
  2 hounds (D:4)
  A centaur skeleton (D:6)
  An iguana (D:3)
  12 orc wizards
  Natasha (thrice) (D:2)
  Terence (D:3)
  2 mummies (D:9)
  A howler monkey zombie (D:9)
  8 gnolls
  9 adders
  A shadow imp (D:7)
  A white imp (D:6)
  An adder zombie (D:5)
  2 worms (D:2)
  A dart slug (D:3)
  44 orcs
  2 endoplasms
  2 giant cockroaches
  2 goblins (D:2)
  8 hobgoblins
  2 quokkas
  2 ball pythons
  5 bats
  5 frilled lizards
  19 kobolds
  3 rats
435 creatures vanquished.

Vanquished Creatures (others)
  39 fungi
  65 plants
104 creatures vanquished.

Grand Total: 539 creatures vanquished

Notes
Turn   | Place    | Note
-------+----------+-------------------------------------------
     0 | D:1      | fragbeetle the Troll Berserker began the quest for the Orb.
     0 | D:1      | Reached XP level 1. HP: 22/22 MP: 0/0
   187 | D:1      | Found a faded altar of an unknown god.
   397 | D:1      | Reached skill level 3 in Maces & Flails
   397 | D:1      | Reached XP level 2. HP: 29/29 MP: 1/1
   657 | D:2      | Noticed Natasha
   664 | D:2      | Killed Natasha
   665 | D:2      | Reached XP level 3. HP: 23/36 MP: 2/2
   679 | D:2      | Reached skill level 1 in Throwing
   789 | D:2      | Noticed Natasha
   795 | D:2      | Killed Natasha
   796 | D:2      | Reached XP level 4. HP: 44/44 MP: 3/3
   906 | D:2      | Reached ** piety under Trog
  1227 | D:2      | Noticed Natasha
  1266 | D:2      | Killed Natasha
  1380 | D:3      | Reached XP level 5. HP: 53/53 MP: 4/4
  1409 | D:3      | Noticed a centaur
  1430 | D:3      | Killed a centaur
  1431 | D:3      | Reached skill level 4 in Maces & Flails
  1667 | D:3      | Reached XP level 6. HP: 56/61 MP: 5/5
  1756 | D:3      | Noticed Terence
  1767 | D:3      | Killed Terence
  2554 | D:4      | Found a staircase to the Ecumenical Temple.
  2814 | D:5      | Entered Level 5 of the Dungeon
  2908 | D:5      | Reached skill level 5 in Maces & Flails
  2932 | D:4      | Reached XP level 7. HP: 65/68 MP: 6/6
  2953 | D:4      | Reached *** piety under Trog
  3607 | D:6      | Reached skill level 6 in Maces & Flails
  3607 | D:6      | Reached skill level 1 in Evocations
  3607 | D:6      | Reached XP level 8. HP: 32/78 MP: 7/7
  4471 | D:7      | Identified the +3 pair of gloves of the Everdark {rElec rN+
                  | Will- Str+4}
  4759 | D:7      | Reached skill level 7 in Maces & Flails
  4783 | D:7      | Reached XP level 9. HP: 83/87 MP: 8/8
  4900 | D:7      | Found a snail-covered altar of Cheibriados.
  4925 | D:7      | Found a sacrificial altar of Ru.
  4954 | D:7      | Reached skill level 5 in Fighting
  5335 | D:8      | Reached skill level 5 in Dodging
  5460 | D:7      | Reached **** piety under Trog
  5535 | D:8      | Found a staircase to the Lair.
  5558 | Lair:1   | Entered Level 1 of the Lair of Beasts
  5735 | D:8      | Reached skill level 5 in Throwing
  5786 | D:8      | Found an opulent altar of Gozag.
  5791 | D:8      | Found a burning altar of Makhleb.
  5794 | D:8      | Found a broken altar of Ashenzari.
  5794 | D:8      | Found a hide-covered altar of Uskayaw.
  5801 | D:8      | Found a white marble altar of Elyvilon.
  6162 | D:9      | Reached skill level 8 in Maces & Flails
  6284 | D:9      | Found Qel Winn's Magic Scroll Emporium.
  6287 | D:9      | Bought a scroll of noise for 12 gold pieces
  6287 | D:9      | Bought a scroll of brand weapon for 240 gold pieces
  6432 | D:9      | Noticed a troll
  6444 | D:9      | Killed a troll
  6445 | D:9      | Reached XP level 10. HP: 57/97 MP: 9/9
  6839 | D:9      | Noticed Maggie
  6851 | D:9      | Killed Maggie
  7144 | D:10     | Entered Level 10 of the Dungeon
  7173 | D:10     | Found a shadowy altar of Dithmenos.
  7333 | D:10     | Noticed Snorg
  7344 | D:10     | Killed Snorg
  7345 | D:10     | Reached skill level 9 in Maces & Flails
  7442 | D:10     | Found an iron altar of Okawaru.
  7975 | D:10     | Found a glowing silver altar of Zin.
  8140 | D:11     | Noticed a death knight
  8219 | D:11     | Noticed a boulder beetle
  8239 | D:11     | Killed a boulder beetle
  8240 | D:11     | Reached XP level 11. HP: 83/107 MP: 10/10
  8462 | Lair:1   | Reached skill level 10 in Maces & Flails
  8536 | Lair:1   | Reached ***** piety under Trog
  9231 | Lair:2   | Reached skill level 5 in Evocations
  9378 | Lair:2   | Found a staircase to the Shoals.
  9404 | Lair:2   | Received a gift from Trog
  9429 | Lair:2   | Identified the +1 robe of Woocla {rPois rF+ rN+ Str+3}
  9506 | Lair:2   | Found an ancient bone altar of Kikubaaqudgha.
  9506 | Lair:2   | Noticed an oklob plant
  9596 | Lair:2   | Reached skill level 11 in Maces & Flails
  9653 | Lair:2   | Found a runed translucent gate.
  9653 | Lair:2   | Found a runed translucent gate.
  9653 | Lair:2   | Found a runed translucent gate.
  9653 | Lair:2   | Noticed Reubyar's ghost (journeyman MiBe)
  9685 | Lair:2   | Noticed a seven-headed hydra
  9691 | Lair:2   | Killed a seven-headed hydra
  9728 | Lair:2   | Reached XP level 12. HP: 96/118 MP: 11/11
  9780 | Lair:2   | Noticed Erica
  9786 | Lair:2   | Killed Erica
  9881 | Lair:2   | Identified the +9 hand axe of Trauma {vamp, rPois}
  9921 | Lair:2   | Noticed a six-headed hydra
  9928 | Lair:2   | Killed a six-headed hydra
 10197 | Lair:3   | Reached skill level 1 in Axes
 10658 | Lair:3   | Noticed Rupert
 10668 | Lair:3   | Killed Rupert
 11438 | Lair:4   | Found a hole to the Spider Nest.
 11598 | Lair:4   | Reached XP level 13. HP: 123/127 MP: 12/12
 11601 | Lair:4   | Reached skill level 12 in Maces & Flails
 11793 | Lair:4   | Noticed Sonja
 11799 | Lair:4   | Killed Sonja
 11835 | Lair:4   | Received a gift from Trog
 12564 | Lair:5   | Found a runed translucent door.
 12565 | Lair:5   | Found a viscous altar of Jiyva.
 12565 | Lair:5   | Noticed an acid blob
 12567 | Lair:5   | Found a staircase to the Slime Pits.
 12962 | Lair:6   | Entered Level 6 of the Lair of Beasts
 13535 | Lair:6   | Received a gift from Trog
 13948 | Lair:6   | Reached XP level 14. HP: 120/140 MP: 13/13
 14592 | D:9      | Bought a scroll of acquirement for 624 gold pieces
 14595 | D:9      | Acquired 895 gold pieces
 14600 | D:9      | Bought a scroll of acquirement for 624 gold pieces
 14600 | D:9      | Bought a scroll of identify for 24 gold pieces
 14600 | D:9      | Bought a scroll of identify for 24 gold pieces
 14600 | D:9      | Bought a scroll of teleportation for 36 gold pieces
 14601 | D:9      | Acquired a +2 cloak of willpower
 14831 | D:11     | Found an iron altar of Okawaru.
 15005 | D:11     | Found a staircase to the Orcish Mines.
 15205 | D:11     | Reached skill level 13 in Maces & Flails
 15452 | Orc:1    | Entered Level 1 of the Orcish Mines
 15558 | Orc:2    | Entered Level 2 of the Orcish Mines
 15657 | Orc:2    | Found Plog's Antique Weapon Boutique.
 15693 | Orc:2    | Found Xikosau's Book Shop.
 15863 | Orc:2    | Noticed an orc warlord
 15906 | Orc:1    | Slain by an orc warlord

Illustrated notes

Levels and vault maps discovered:
D:1:      scummos_arrival_checkerplants, layout_basic,
          shapermc_ecumenical_altar_rom_forum
D:2:      layout_loops_cross, kennysheep_generic_room_6, uniq_natasha
D:3:      layout_loops_ring, uniq_terence
D:4:      layout_basic, minmay_temple_entry_proselytizer
D:5:      layout_cave_pools
D:6:      layout_loops_ring
D:7:      kennysheep_spiral_hall, layout_loops_cross,
          grunt_temple_overflow_open, chequers_hall_statues_corner_a,
          minmay_misc_feat_roman, minmay_crystal_room, uniq_prince_ribbit1
D:8:      layout_loops_cross, nicolae_overflow_hallway_of_the_gods,
          erik_lair_orcish_takeover
D:9:      layout_loops_corners, serial_shops, nicolae_shop_statue_plus,
          serial_undead, serial_undead_e, serial_undead_c, serial_undead_d,
          serial_undead_a, serial_undead_a, serial_undead_a, uniq_maggie
D:10:     layout_irregular_city, zin_treasury, mainiacjoe_overflow_catwalk,
          lemuel_doored_altar, hangedman_decor_growths, uniq_snorg
D:11:     layout_basic, orc_0_dummy, okawaru_trees_2
Lair:1:   layout_small_grid, serial_bayou_lake_a
Lair:2:   layout_concentric_octagons, minmay_shoals_entry_centaurs,
          gammafunk_ghost_necromancy, lemuel_oklob_altar, uniq_erica
Lair:3:   layout_loops_ring, serial_bayou_crossing, grunt_megastairs_1,
          infiniplex_staircase_pool_2, uniq_rupert
Lair:4:   layout_cave_pods, nicolae_spider_entry_orb_guardian, uniq_sonja
Lair:5:   layout_loops_ring, slime_altar_2, grunt_megastairs_5
Lair:6:   hangedman_lair_in_review, layout_regular_city
Orc:1:    layout_caves
Orc:2:    grunt_orc_gardens, layout_diamond_mine, grunt_orc_garden,
          grunt_orc_garden, grunt_orc_garden, grunt_orc_garden, serial_shops,
          shop, basic_altar, nooodl_orcs_dogs

Skill      XL: |  1  2  3  4  5  6  7  8  9 10 11 12 13 14 |
---------------+-------------------------------------------+-----
Maces & Flails | 3 4 5 6 7 8 9 11 12 13 | 13.2
Throwing       | 1 2 3 4 5 6 7 8 9 |  9.7
Fighting       | 3 4 5 6 7 8 9 |  9.4
Dodging        | 3 4 5 6 7 8 9 |  9.4
Evocations     | 1 2 3 4 5 6 7 |  7.6
Axes           | 2 4 |  4.1

Action                   |  1- 3 |  4- 6 |  7- 9 | 10-12 | 13-15 || total
-------------------------+-------+-------+-------+-------+-------++-------
Melee: Whip              |    57 |   194 |   401 |       |       ||   652
       Mace              |     1 |       |    16 |       |       ||    17
       Punch             |     2 |     5 |     6 |     3 |     3 ||    19
       Morningstar       |       |       |    22 |   425 |   339 ||   786
Throw: Stone             |     5 |       |     4 |       |       ||     9
       Dart              |       |     5 |    11 |     2 |     4 ||    22
       Boomerang         |       |       |     5 |    88 |    85 ||   178
       Large rock        |       |       |       |     4 |     7 ||    11
Invok: Berserk           |       |       |     6 |     2 |       ||     8
       Trog's Hand       |       |       |       |       |     2 ||     2
       Brothers in Arms  |       |       |       |       |     1 ||     1
Evoke: Wand              |       |       |     1 |     6 |     2 ||     9
  Use: Scroll            |       |       |     9 |     2 |     5 ||    16
       Potion            |       |       |       |     1 |     1 ||     2
 Stab: Distracted        |       |       |       |     2 |     3 ||     5
Armor: Robe              |    18 |    61 |   140 |     7 |       ||   226
       Animal skin       |     2 |       |       |       |       ||     2
       Troll leather arm |       |       |       |   139 |    73 ||   212
       Steam dragon scal |       |       |       |     9 |       ||     9
Dodge: Dodged            |    14 |   107 |   189 |   222 |   213 ||   745

Table legend: (Time is in decaauts)
 A = Elapsed time spent in this place.
 B = Non-inter-level travel time spent in this place.
 C = Inter-level travel time spent in this place.
 D = Time resting spent in this place.
 E = Time spent auto-exploring this place.
 F = Levels seen in this place.
 G = Mean time per level.
                   A        B        C        D        E       F      G
               +--------+--------+--------+--------+--------+-----+--------+
         Total |  15827 |  14994 |    833 |    620 |   8333 |  19 |  833.0 |
       Dungeon |   9462 |   8778 |    684 |    379 |   5661 |  11 |  860.2 |
          Lair |   5913 |   5764 |    149 |    172 |   2670 |   6 |  985.5 |
  Orcish Mines |    451 |    451 |      0 |     68 |      2 |   2 |  225.5 |
               +--------+--------+--------+--------+--------+-----+--------+

Top non-repeatable levels by time:
     D:9: 1312 daAuts
  Lair:3: 1246 daAuts
  Lair:6: 1192 daAuts
    D:11: 1052 daAuts
    D:10: 1031 daAuts
  Lair:2: 985 daAuts
     D:6: 975 daAuts
  Lair:4: 929 daAuts
     D:8: 892 daAuts
     D:3: 875 daAuts
  Lair:1: 867 daAuts
     D:7: 805 daAuts
     D:2: 698 daAuts
  Lair:5: 693 daAuts
     D:4: 683 daAuts
